 Dungeon Crawl Stone Soup version 0.30-b1-2-g02819fbbbe (webtiles) character file.

Game seed: 14737386419396321221

1170 windycow the Ruffian (level 8, -1/79 HPs)
             Began as a Troll Warper on June 24, 2023.
             Slain by a gnoll
             ... wielding a +0 flail
             ... led by a gnoll bouda
              (5 damage)
             ... on level 6 of the Dungeon.
             The game lasted 00:05:50 (3803 turns).

windycow the Ruffian (Troll Warper)                 Turns: 3803, Time: 00:05:51

Health: -1/79      AC:  5    Str: 22    XL:     8   Next: 17%
Magic:  6/8        EV: 10    Int: 15    God:
Gold:   350        SH:  0    Dex:  9    Spells: 7/9 levels left

rFire   + .          .
                       - Unarmed
rCold   + . .        (no shield)
rNeg    . . .        y - +0 robe {rC+ rF+}
rPois   +            (helmet restricted)
rElec   .            B - +0 cloak
rCorr   .            (gloves unavailable)
SInv    .            (boots unavailable)
Will    .....        (no amulet)
Stlth   +            m - ring of poison resistance
HPRegen 1.13/turn    g - +6 ring of intelligence
MPRegen 0.11/turn

%: no passive effects
@: on blink cooldown
A: large, unfitting armour, claws 3, regeneration 1, shaggy fur 1, tough skin 1
a: no special abilities


You were on level 6 of the Dungeon.
You visited 1 branch of the dungeon, and saw 6 of its levels.

You collected 350 gold pieces.

Inventory:

Hand Weapons
 q - a +1 heavy morningstar
Missiles
 c - 7 boomerangs of dispersal (quivered)
 f - 12 poisoned darts
 C - a silver boomerang
Armour
 a - a +1 robe
 y - a +0 robe of resistance (worn)
 B - a +0 cloak (worn)
Jewellery
 g - a +6 ring of intelligence (right claw)
 m - a ring of poison resistance (left claw)
 v - a ring of ice
Wands
 r - a wand of flame (2)
Scrolls
 b - a scroll of blinking
 j - 3 scrolls of identify
 l - a scroll of fear
 p - 2 scrolls of enchant weapon
 t - 4 scrolls of teleportation
 u - a scroll of magic mapping
 w - a scroll of poison
 A - a scroll of fog {unknown}
Potions
 d - a potion of lignification {unknown}
 e - 6 potions of curing
 h - 2 potions of ambrosia {unknown}
 i - 2 potions of heal wounds
 k - 2 potions of brilliance
 n - 2 potions of haste
 o - 2 potions of attraction {unknown}
 s - a potion of cancellation
 x - a potion of degeneration {unknown}
 z - a potion of berserk rage {unknown}


   Skills:
 * Level 4.8 Fighting
 - Level 0.8 Throwing
 + Level 3.8 Dodging
 * Level 5.8 Unarmed Combat
 - Level 1.2 Spellcasting
 + Level 3.8 Translocations


You had 7 spell levels left.
You knew the following spells:

 Your Spells              Type           Power      Damage    Failure   Level
a - Blink                 Tloc           24%        N/A       8%          2

Your spell library contained the following spells:

 Spells                   Type           Power      Damage    Failure   Level
 Lesser Beckoning         Tloc           24%        N/A       8%          2
 Teleport Other           Tloc           12%        N/A       16%         3
 Momentum Strike          Conj/Tloc      12%        3d8       17%         2
 Vhi's Electric Charge    Tloc/Air       12%        N/A       32%         3
 Scorch                   Fire           0%         2d5       36%         2
 Manifold Assault         Tloc           12%        N/A       45%         4
 Flame Wave               Conj/Fire      0%         2d4       94%         4
 Simulacrum               Ice/Necr       0%         N/A       100%        6
 Summon Cactus Giant      Summ           0%         N/A       100%        6
 Ozocubu's Refrigeration  Ice            0%         4d7       100%        7
 Polar Vortex             Ice            0%         N/A       100%        9


Dungeon Overview and Level Annotations

Branches:
Dungeon (6/15)
 Temple: D:4-7

Altars:
Trog


Innate Abilities, Weirdness & Mutations

You are too large for most types of armour.
You have claws for hands.
Your natural rate of healing is unusually fast.
You are covered in fur. (AC +1)
You have tough skin. (AC +1)


Message History

You kill the gnoll!
The gnoll bouda gazes fiercely through you!
You feel your attacks grow feeble.
The gnoll hits you from afar with a +0 halberd!
The bullfrog hits you but does no damage.
Unknown command.
You barely miss the bullfrog.
A gnoll comes into view.
It is wielding a +2 flail of protection.
The sleepcap barely misses you.
A gnoll comes into view.
It is wielding a +2 halberd of protection.
The bullfrog closely misses you.
The gnoll hits you from afar with a +0 halberd!
Unknown command.
You are too injured to fight recklessly!
Unknown command.
You are too injured to fight recklessly!
You closely miss the bullfrog. The bullfrog hits you.
The sleepcap barely misses you. The gnoll hits you but does no damage.
You closely miss the bullfrog. The bullfrog hits you!
The sleepcap releases spores at you. The bullfrog hits you.
The gnoll hits you from afar with a +0 halberd!
* * * LOW HITPOINT WARNING * * *
You closely miss the bullfrog.
Your attacks no longer feel as feeble.
The bullfrog hits you.
* * * LOW HITPOINT WARNING * * *
The sleepcap releases spores at you.
* * * LOW HITPOINT WARNING * * *
The gnoll hits you from afar with a +0 halberd!
* * * LOW HITPOINT WARNING * * *
Casting: Blink (safe; 8% risk of failure)
Confirm with . or Enter, or press ? or * to list all spells.
You blink.
The bullfrog hits you.
* * * LOW HITPOINT WARNING * * *
The bullfrog hits you but does no damage.
The gnoll is no longer moving quickly. x2
The gnoll attacks as you move away! The gnoll hits you with a +0 flail.
* * * LOW HITPOINT WARNING * * *
The gnoll hits you with a +0 flail.
You die...

#.....# ####.....#
########........#
#.........###g#.#
#.........# #ยง#g#
###.........# #.g.#
#.....)....<# ##f.#
#.........# #Fg#
#.(..)....####@.#
#............#..###
#..........#......##
##########.###..#..#
#....#....#
####...##.# ########


You could see a sleepcap, a bullfrog, a gnoll bouda and 3 gnolls.

Vanquished Creatures
  Sigmund (D:5)
  Menkaure (D:5)
  Duvessa (D:4)
  An ogre (D:6)
  A phantom (D:5)
  A bullfrog (D:6)
  3 scorpions
  Dowan (D:4)
  Crazy Yiuf (D:5)
  4 iguanas
  9 adders
  4 gnolls
  2 shadow imps
  A white imp (D:5)
  2 worms
  2 dart slugs (D:1)
  8 orcs
  4 bats
  10 endoplasms
  2 giant cockroaches
  7 hobgoblins
  3 quokkas
  7 ball pythons
  4 frilled lizards
  3 goblins
  8 kobolds
  5 rats
96 creatures vanquished.

Notes
Turn   | Place    | Note
-------+----------+-------------------------------------------
     0 | D:1      | windycow the Troll Warper began the quest for the Orb.
     0 | D:1      | Reached XP level 1. HP: 19/19 MP: 1/1
   125 | D:1      | Reached XP level 2. HP: 28/28 MP: 2/2
   497 | D:1      | Learned a level 2 spell: Blink
   610 | D:2      | Reached XP level 3. HP: 17/35 MP: 3/3
   689 | D:2      | Found a bloodstained altar of Trog.
   752 | D:2      | Found a faded altar of an unknown god.
  1044 | D:2      | Identified the +2 rapier of Litirph {elec, *Rage rC+ Dex+3
                  | SInv}
  1583 | D:3      | Reached XP level 4. HP: 40/42 MP: 4/4
  1681 | D:3      | Reached skill level 3 in Unarmed Combat
  2043 | D:4      | Reached XP level 5. HP: 47/50 MP: 5/5
  2188 | D:4      | Noticed Duvessa
  2190 | D:4      | Noticed Dowan
  2259 | D:4      | Killed Duvessa
  2260 | D:4      | Reached skill level 4 in Unarmed Combat
  2260 | D:4      | Reached XP level 6. HP: 36/61 MP: 6/6
  2413 | D:4      | Killed Dowan
  2755 | D:5      | Entered Level 5 of the Dungeon
  2871 | D:5      | Reached XP level 7. HP: 58/68 MP: 7/7
  2987 | D:5      | Noticed Sigmund
  2994 | D:5      | Killed Sigmund
  2995 | D:5      | Reached skill level 5 in Unarmed Combat
  3335 | D:5      | Found a runed translucent door.
  3336 | D:5      | Noticed Crazy Yiuf
  3417 | D:5      | Noticed Menkaure
  3425 | D:5      | Killed Menkaure
  3660 | D:5      | Killed Crazy Yiuf
  3661 | D:5      | Reached XP level 8. HP: 68/79 MP: 8/8
  3803 | D:6      | HP: 3/79 [gnoll/+0 flail[a gnoll bouda] (2)]
  3803 | D:6      | Slain by a gnoll

Illustrated notes

Levels and vault maps discovered:
D:1:      lemuel_arrival_rhombus, layout_rooms
D:2:      minmay_general_purpose_star, layout_basic,
          hellmonk_ecumenical_altar_zigzags, basic_altar,
          nicolae_kite_square_tiling_tiny
D:3:      layout_rooms
D:4:      layout_rooms, uniq_duvessa
D:5:      layout_loops_ring, amcnicky_mini_pool_medium, uniq_sigmund,
          uniq_menkaure, uniq_crazy_yiuf_cottage
D:6:      layout_rooms

Skill      XL: |  1  2  3  4  5  6  7 |
---------------+----------------------+-----
Dodging        | 2 3 |  3.8
Fighting       | 2 3 4 |  4.8
Unarmed Combat | 3 4 5 |  5.8
Translocations | 3 |  3.8
Throwing       | |  0.8
Spellcasting   | |  1.2

Action                     |  1- 3 |  4- 6 |  7- 9 || total
---------------------------+-------+-------+-------++-------
  Melee: Unarmed           |   110 |   147 |    63 ||   320
         Punch             |     2 |     6 |     1 ||     9
  Throw: Dart              |       |     1 |       ||     1
   Cast: Blink             |       |     2 |     1 ||     3
    Use: Scroll            |     6 |     5 |       ||    11
 Armour: Robe              |    28 |    30 |    14 ||    72
  Dodge: Dodged            |    47 |    64 |    28 ||   139
